 Dungeon Crawl Stone Soup version 0.30.1-4-g462c640d31 (webtiles) character file.

Game seed: 9999084546771273690

9 growler the Chopper (level 2, 22/22 HPs)
             Began as a Demonspawn Gladiator on Aug 19, 2023.
             Quit the game on level 1 of the Dungeon.
             The game lasted 00:00:34 (181 turns).

growler the Chopper (Demonspawn Gladiator)           Turns: 181, Time: 00:00:35

Health: 22/22      AC:  4    Str: 14    XL:     2   Next: 3%
Magic:  2/2        EV: 12    Int:  9    God:
Gold:   0          SH:  0    Dex: 14    Spells: 1/1 levels left

rFire   . . .        a - +0 war axe
rCold   . . .        (no shield)
rNeg    . . .        b - +0 leather armour
rPois   .            c - +0 helmet
rElec   .            (no cloak)
rCorr   .            (no gloves)
SInv    .            (no boots)
Will    .....        (no amulet)
Stlth   +            (no ring)
HPRegen 0.23/turn    (no ring)
MPRegen 0.08/turn

%: no passive effects
@: no status effects
A: demonic guardian 1
a: no special abilities


You were on level 1 of the Dungeon.
You visited 1 branch of the dungeon, and saw 1 of its levels.

Inventory:

Hand Weapons
 a - a +0 war axe (weapon)
Missiles
 d - 3 throwing nets (quivered)
 e - a javelin
Armour
 b - a +0 leather armour (worn)
 c - a +0 helmet (worn)
 f - a +0 pair of boots


   Skills:
 + Level 2.3 Fighting
 - Level 2.8 Axes
 - Level 1.9 Throwing
 - Level 2.8 Dodging


You had one spell level left.
You didn't know any spells.
Your spell library was empty.

Dungeon Overview and Level Annotations

Branches:
Dungeon (1/15)

Altars:


Innate Abilities, Weirdness & Mutations

A weak demonic guardian rushes to your aid.


Message History

Things that are here:
a +0 dagger; 4 stones; a kobold corpse
There is a stone staircase leading down here.
A bat comes into view.
The bat misses you.
Found a stone staircase leading down.
The bat hits you but does no damage. The bat closely misses you.
You barely miss the bat. The bat closely misses you. x2
You barely miss the bat. The bat closely misses you.
The bat hits you but does no damage.
You miss the bat. The bat closely misses you. The bat barely misses you.
The bat closely misses you.
You slash the bat!
You kill the bat!
No target in view!
A jackal comes into view.
Found a scroll labelled ZUOZUE FULAUDD and a flail.
The jackal barks!
You hear a bark!
A jackal comes into view. x2
You see here 11 gold pieces.
A jackal comes into view.
The jackal attacks as you move away! The jackal barely misses you. x2
A quokka comes into view.
A giant cockroach comes into view.
The jackal misses you. The jackal attacks as you move away!
The jackal bites you but does no damage.
You barely miss the jackal. The jackal completely misses you.
The jackal barely misses you.
You hit the jackal but do no damage. The jackal closely misses you.
The jackal barely misses you.
You closely miss the jackal. The jackal closely misses you.
The jackal bites you but does no damage.
You slash the jackal!
You kill the jackal!
The jackal barely misses you.
You have reached level 2!
Your demonic ancestry asserts itself...
You feel the presence of a demonic guardian.
Are you sure you want to abandon this character and quit the game? (Confirm with "yes".)

#.# #....## #># #.
###### #.# #. #. h
#.# #.###B ). #.#
.>.. ?. #.# #..#
h# #.# #..# .#
#.#####h.###.###.#
#....@hB.........#
#######r.$...###.#
##.##### #.# #.#
#.. ###


You could see a quokka, 2 jackals and a giant cockroach.

Vanquished Creatures
  2 endoplasms (D:1)
  A goblin (D:1)
  A jackal (D:1)
  A bat (D:1)
  2 kobolds (D:1)
  A rat (D:1)
8 creatures vanquished.

Notes
Turn   | Place    | Note
-------+----------+-------------------------------------------
     0 | D:1      | growler the Demonspawn Gladiator began the quest for the
                  | Orb.
     0 | D:1      | Reached XP level 1. HP: 16/16 MP: 1/1
   181 | D:1      | Gained mutation: A weak demonic guardian rushes to your
                  | aid. [demonic ancestry]
   181 | D:1      | Reached XP level 2. HP: 22/22 MP: 2/2
   181 | D:1      | Quit the game

Illustrated notes

Levels and vault maps discovered:
D:1:      dpeg_chamrin_arrival_tetris, layout_loops_ring,
          dreamdust_ecumenical_altar_drowned_temple, dreamdust_princess_corridor

Action                     || total
---------------------------++-------
  Melee: War axe           ||    23
         Punch             ||     1
   Stab: Distracted        ||     1
 Armour: Leather armour    ||     6
  Dodge: Dodged            ||    24
